Map: Acropolis LE

Players

TiPtOP

  • Race: Terran Terran
  • League: Silver
  • Spawn Location: 5:00

Nayr - Winner!

  • Race: Terran Terran
  • League: Gold
  • Spawn Location: 11:00

VOD

Have the link to the VOD?

Description

Time

  • Played on: Aug. 19, 2019, 7:07 a.m.
  • Length: 23:22
Show
View Real Time Build Order
Export as new Build Order

TiPtOP Terran 

Build Orders: Mech 

Get SALT Encoding   

  12  0:01  SCV  
  13  0:13  SCV  
  14  0:21  Supply Depot  
  14  0:25  SCV  
  15  0:43  SCV  
  15  0:46  Barracks  
  16  0:50  Refinery  
  16  0:55  SCV  
  17  1:03  Supply Depot  
  17  1:07  SCV  
  18  1:19  SCV  
  19  1:34  Marine  
  20  1:42  Orbital Command  
  20  1:52  Command Center  
  20  2:07  Barracks Tech Lab  
  20  2:13  SCV  
  21  2:22  Bunker  
  21  2:25  SCV  
  22  2:32  Factory  
  22  2:34  Refinery  
  22  2:38  Engineering Bay  
  22  2:48  SCV  
  22  2:59  Marine  
  22  3:00  SCV  
  22  3:46  Supply Depot  
  22  3:51  Siege Tank  
  22  3:55  SCV  
  27  3:57  Orbital Command  
  26  4:10  Factory  
  26  4:13  Factory  
  26  4:26  SCV  
  26  4:28  SCV  
  28  4:33  Siege Tank  
  28  4:38  SCV  
  32  4:41  SCV  
  33  4:50  SCV  
  34  4:55  Missile Turret  
  34  5:02  Missile Turret  
  34  5:08  SCV x2  
  36  5:21  Siege Tank  
  36  5:23  Factory Reactor, Factory Tech Lab  
  39  5:30  SCV x2  
  41  5:42  SCV x2  
  43  5:59  Armory  
  43  6:01  Armory  
  43  6:04  Supply Depot  
  43  6:09  Supply Depot  
  43  6:11  Supply Depot  
  43  6:17  Supply Depot  
  43  6:20  Refinery  
  43  6:21  SCV x2  
  43  6:25  Siege Tank, Refinery  
  48  6:33  SCV  
  48  6:36  Supply Depot  
  48  6:37  Hellion x2  
  49  7:14  Missile Turret  
  49  7:15  SCV x2  
  51  7:21  Thor x2  
  63  7:27  SCV  
  61  7:41  SCV x2  
  63  7:53  SCV  
  63  7:54  SCV  
  65  8:04  Thor  
  71  8:05  SCV  
  71  8:09  Thor  
  71  8:10  Hellion x2  
  82  8:21  Command Center  
  77  8:42  SCV x2  
  79  8:58  Missile Turret, Terran Vehicle And Ship Armor Level 1, Terran Vehicle Weapons Level 1  
  79  9:00  Missile Turret  
  79  9:03  Missile Turret  
  79  9:06  Command Center  
  79  9:07  SCV  
  79  9:09  SCV  
  81  9:14  Thor x2  
  93  9:17  Infernal Pre-Igniter  
  93  9:19  SCV  
  94  9:27  Supply Depot  
  94  9:29  Supply Depot  
  94  9:30  Supply Depot  
  94  9:31  Supply Depot  
  94  9:33  Hi-Sec Auto Tracking, Supply Depot  
  94  9:36  Smart Servos  
  94  9:49  Hellion x2, SCV x2  
  100  9:58  Hellion x2  
  102  10:01  SCV  
  97  10:18  Thor  
  62  10:45  Thor  
  62  10:47  Hellion x2  
  72  11:01  Thor  
  78  11:07  Command Center  
  78  11:08  Hellion  
  80  11:12  Factory  
  80  11:15  Factory  
  80  11:27  Factory  
  80  11:28  SCV x2  
  82  11:40  SCV  
  82  11:41  Missile Turret, Planetary Fortress  
  82  11:42  Missile Turret  
  82  11:44  Refinery x2, Missile Turret, Thor  
  82  11:45  Hellion  
  91  11:57  Factory Tech Lab  
  91  11:58  Factory Tech Lab  
  91  12:03  Thor  
  97  12:10  Terran Vehicle Weapons Level 2  
  97  12:22  SCV x2  
  99  12:34  SCV x2  
  101  12:46  SCV  
  102  13:07  Thor x3, Factory Tech Lab  
  102  13:09  Hellion x3  
  126  13:17  SCV x2  
  128  13:29  SCV  
  129  13:59  Hellion x2, Thor x3  
  74  15:15  Planetary Fortress  
  74  15:17  SCV x2  
  76  15:24  Refinery  
  76  15:26  Refinery  
  76  15:27  Missile Turret  
  76  15:29  Thor x3, SCV  
  76  15:30  Hellion x2, SCV  
  76  15:31  Hellion, Missile Turret  
  102  15:40  Thor  
  107  15:51  Thor, Command Center  
  107  15:52  Hellion x2  
  115  16:12  Thor  
  115  16:13  Hellion, Hellbat  
  115  16:14  Hellion x5  
  115  16:17  Hellion x5  
  125  16:47  Hellbat  
  125  16:48  Hellbat  
  125  16:49  Hellbat  
  125  16:50  Hellbat  
  123  17:02  Thor x2  
  135  17:13  Supply Depot x2  
  135  17:14  Supply Depot  
  135  17:20  Thor  
  141  17:30  Planetary Fortress  
  141  17:34  Hellion x2, Thor x2  
  87  18:45  Thor x4  
  87  18:46  Thor  
  87  18:48  Hellion, Hellbat  
  121  19:09  Hellbat x2  
  125  19:17  Command Center  
  125  19:28  Hellbat  
  125  19:29  Hellbat x2  
  125  19:30  Siege Tank  
  125  19:31  Siege Tank  
  137  19:33  Widow Mine  
  137  19:34  Widow Mine  
  137  19:36  Drilling Claws  
  141  19:43  Hellion  
  141  19:49  Siege Tank  
  141  19:50  Hellion x2  
  148  19:55  Hellion  
  67  21:01  Thor x2  
  67  21:02  Thor x2  
  91  21:05  Hellion x2  
  92  21:12  Command Center  
  92  21:19  Missile Turret  
  92  21:22  Missile Turret  
  90  21:37  Hellbat x2  
  90  21:38  Siege Tank  
  39  22:45  Hellion  
  39  22:46  Hellion x2  
  38  22:53  Missile Turret  
Show
View Real Time Build Order
Export as new Build Order

Nayr Terran - Winner!

Build Orders: Gas First Reaper Expand 

Get SALT Encoding   

  12  0:01  SCV  
  13  0:13  SCV  
  14  0:21  Supply Depot  
  14  0:26  SCV  
  15  0:29  Refinery  
  15  0:44  Barracks  
  15  0:48  SCV  
  16  1:00  SCV  
  17  1:12  SCV  
  19  1:25  SCV  
  19  1:36  Reaper  
  20  1:42  Command Center  
  20  1:50  Orbital Command  
  20  2:10  Factory, Refinery  
  20  2:16  SCV  
  20  2:17  Barracks Reactor  
  21  2:28  SCV  
  22  2:35  Supply Depot  
  22  2:41  SCV  
  23  2:54  SCV  
  24  3:11  SCV, Marine x2  
  27  3:29  SCV, Orbital Command  
  27  3:32  Starport, Factory Tech Lab  
  28  3:46  SCV  
  29  3:51  Bunker  
  29  3:54  Siege Tank  
  32  3:57  Marine x2  
  34  4:04  SCV  
  34  4:05  Barracks  
  34  4:06  Barracks  
  34  4:24  SCV  
  34  4:25  SCV  
  36  4:37  Factory Tech Lab  
  36  4:39  SCV x2  
  36  4:43  Engineering Bay  
  38  4:47  Banshee  
  38  4:49  Cloaking Field, Supply Depot  
  41  4:56  SCV x2  
  41  4:59  Siege Tank  
  46  5:02  Barracks Tech Lab  
  46  5:03  Barracks Reactor  
  46  5:11  Marine x2  
  46  5:12  Supply Depot  
  48  5:14  Supply Depot  
  48  5:18  Refinery, SCV x2  
  48  5:20  Refinery  
  50  5:22  Marauder  
  50  5:23  Stimpack  
  52  5:30  SCV x2  
  54  5:45  Marine x2  
  56  5:52  SCV x2  
  58  6:03  Marine x2  
  60  6:04  Command Center  
  60  6:11  Missile Turret  
  60  6:12  Terran Infantry Weapons Level 1  
  60  6:15  Missile Turret  
  60  6:16  SCV x2  
  62  6:21  Banshee  
  62  6:23  Marine x3  
  62  6:24  Marauder  
  70  6:35  Supply Depot  
  70  6:56  Siege Tank  
  70  6:59  SCV x2  
  75  7:01  Marine  
  75  7:02  Marine x2  
  75  7:08  Supply Depot  
  78  7:09  Supply Depot  
  78  7:15  Marine  
  78  7:21  Orbital Command  
  78  7:22  Marine x4  
  83  7:28  Siege Tank  
  84  7:37  SCV x2  
  85  7:50  Orbital Command, Medivac  
  87  7:51  Starport  
  87  8:00  SCV x2  
  87  8:01  Marine x3  
  87  8:02  Marine  
  93  8:06  Terran Infantry Armor Level 1  
  93  8:11  Supply Depot  
  93  8:12  Supply Depot  
  93  8:13  Supply Depot  
  93  8:14  Supply Depot  
  93  8:15  Armory  
  93  8:16  Engineering Bay  
  93  8:18  SCV x2, Marine x2  
  93  8:19  Marine  
  98  8:20  Siege Tank  
  101  8:31  SCV  
  101  8:32  SCV x2, Marine x2  
  106  8:36  Marine x3  
  106  8:46  Barracks  
  106  8:47  Starport Reactor, Barracks  
  106  8:48  Barracks  
  106  8:52  Refinery x2  
  106  8:54  Marauder  
  108  8:56  Concussive Shells  
  108  8:59  Medivac  
  110  9:12  Barracks Tech Lab  
  110  9:16  Marauder  
  112  9:32  SCV x2, Marine x2  
  116  9:38  Terran Infantry Weapons Level 2  
  116  9:40  Terran Vehicle Weapons Level 1  
  116  9:45  Command Center  
  116  9:46  Raven  
  116  9:47  Barracks Tech Lab x2  
  118  9:56  SCV x3, Marine x2  
  118  9:57  Marine, Marauder  
  118  9:58  Marauder  
  113  10:16  Medivac x2  
  113  10:19  Marauder  
  110  10:27  Marine  
  110  10:28  Marauder x3  
  106  10:29  Siege Tank  
  109  10:36  Liberator  
  109  10:40  Marauder  
  102  10:49  Marauder x2, Barracks Tech Lab  
  104  10:51  Medivac  
  104  10:52  Medivac  
  104  10:54  SCV x2  
  104  10:55  SCV  
  114  11:00  Fusion Core, Armory  
  114  11:05  Missile Turret  
  114  11:08  Missile Turret  
  114  11:09  SCV x3  
  114  11:10  Siege Tank  
  120  11:15  Factory  
  120  11:21  Orbital Command  
  120  11:25  Missile Turret  
  120  11:31  Refinery x2, Marine x2  
  120  11:32  Marine x3  
  127  11:33  Marauder x2  
  127  11:34  Liberator  
  129  11:50  Siege Tank, Marauder x2  
  139  11:54  Advanced Ballistics  
  139  11:55  Supply Depot  
  139  12:02  Liberator  
  139  12:10  SCV x3  
  142  12:17  Marauder x2  
  142  12:18  Marine, Marauder x3  
  156  12:25  Supply Depot  
  156  12:26  Liberator x2  
  155  12:39  SCV x3  
  155  12:41  Factory Tech Lab  
  164  12:47  Marauder x4  
  172  12:57  Supply Depot x2  
  172  13:01  Liberator  
  172  13:03  Supply Depot  
  172  13:10  Liberator x2  
  172  13:19  Marauder  
  177  13:23  SCV x2  
  177  13:26  Marauder  
  177  13:27  Marauder  
  183  13:29  Siege Tank x2  
  195  13:35  Marine  
  196  14:02  Command Center  
  196  14:03  Marine  
  196  14:18  Marine x2  
  196  14:19  Marine, Marauder  
  175  14:25  Liberator x2  
  175  14:30  Marine, Marauder x2  
  160  14:31  Siege Tank  
  160  14:32  Siege Tank  
  160  14:37  Marine, Marauder x2  
  161  14:40  Marine  
  161  14:42  Battlecruiser  
  170  14:51  Marauder x2  
  170  14:58  Marauder x2  
  163  15:07  Liberator  
  163  15:14  Marine x3  
  163  15:15  Marauder x2  
  163  15:19  Marauder  
  163  15:20  Marauder  
  177  15:31  Planetary Fortress  
  177  15:41  Command Center  
  177  15:47  Terran Infantry Weapons Level 3, Terran Infantry Armor Level 2  
  177  15:48  Terran Vehicle Weapons Level 2  
  177  15:49  Terran Vehicle And Ship Armor Level 1  
  177  15:55  Refinery  
  172  15:57  Missile Turret, Refinery  
  172  15:58  Missile Turret  
  172  15:59  Sensor Tower  
  172  16:03  Liberator x2  
  172  16:13  SCV x3  
  172  16:18  Marine x2  
  175  16:19  Marine, Marauder x2  
  175  16:20  Marauder x2  
  175  16:21  Medivac  
  194  16:27  Starport  
  194  16:45  Hellion, Marauder x2  
  198  17:15  Weapon Refit  
  195  17:33  Marauder  
  195  17:34  Marine, Marauder  
  162  18:19  Marauder  
  163  18:20  Marauder x2  
  163  18:31  Marine x2  
  163  18:32  Marauder x2  
  169  18:35  Siege Tank x2  
  169  18:41  Marauder x3  
  181  18:44  Medivac x3  
  187  18:53  Marauder  
  189  18:57  Orbital Command  
  189  19:00  Liberator x3  
  189  19:06  Terran Infantry Armor Level 3  
  189  19:07  Neosteel Armor  
  189  19:09  Terran Ship Weapons Level 1, Refinery  
  189  19:11  Terran Vehicle Weapons Level 3  
  189  19:13  Refinery  
  195  20:28  Marine, Marauder x5  
  163  20:49  Marine x2, Marauder x5  
  167  20:50  Siege Tank  
  159  21:07  Hellion, Marine  
  159  21:10  Marauder  
  159  21:11  Marauder x3  
  168  21:16  Barracks  
  168  21:18  Barracks  
  168  21:19  Barracks x2  
  168  21:20  Starport Reactor  
  168  21:58  Marine, Marauder x5  
  179  22:19  Marauder  
  164  22:31  Marine, Marauder  
  160  22:57  Marine x2, Marauder x5  
Tags
 
Add a new tag
Caveats
  • Supply blocks, unpowered buildings, or Contaminate may cause inaccurate times.
  • Supply counts are checked every 10 seconds.